Cogmind - Beta 12 @@@ ROGUE MODE // 2023.03.04 @ 01:27:38 Player: Scared Dad Result: Self-destructed Performance ------------- Evolutions (2) 1000 Regions Visited (7) 1400 Robots Destroyed (47) 235 Value Destroyed (1436) 1436 Prototype IDs (7) 140 Alien Tech Used (0) 0 Bonus (557) 557 TOTAL SCORE: 4768 Bonus ------- High Alert Combat Kills 38 Follower Combat Kills 262 Aligned with FarCom 300 Friendly Fire -43 Cogmind --------- Core Integrity 416/550 Matter 175/300 Energy 265/265 System Corruption 0% Temperature Cool (0) Movement Core (450) Ox8 Location -8/Materials Parts ------- > --- POWER (1) -------- Improved Ion Engine > --- PROPULSION (2) --- (None) > --- UTILITY (5) ------ Medium Storage Unit Hacking Suite Hacking Suite > --- WEAPON (3) ------- Flak Cannon Scythe > --- INVENTORY (10) --- Light Nuclear Core VTOL Module Improved Flight Unit Large Matter Pod (150) Peak State ------------ > --- POWER ------------ Light Nuclear Core > --- PROPULSION ------- Light Treads Improved Treads > --- UTILITY ---------- Medium Storage Unit Cloak of Protection Medium Armor Plating Hacking Suite Hacking Suite > --- WEAPON ----------- Heavy Assault Rifle Gauss Rifle Flak Cannon > --- INVENTORY -------- Improved Ion Engine Light Treads Light Treads VTOL Module Improved Flight Unit High-capacity Battery Large Matter Pod Scythe [Rating: 33] Favorites ----------- Power Improved Ion Engine Engine Improved Ion Engine Power Core Light Nuclear Core Propulsion Light Treads Treads Light Treads Leg Aluminum Leg Wheel Wheel Flight Unit Improved Flight Unit Utility Hacking Suite Device Cloak of Protection Storage Small Storage Unit Processor Targeting Computer Hackware Hacking Suite Protection Medium Armor Plating Weapon Heavy Assault Rifle Energy Gun Beam Rifle Ballistic Gun Heavy Assault Rifle Ballistic Cannon Flak Cannon Slashing Weapon Scythe Build | -11 -10 -10 -9 -9 -9 -8 -8 ------- Run | Jun Mat Min Mat Min Exi Min Mat Slots Evolved 4 | . . . 2 . . . 2 Power . | . . . . . . . . Propulsion . | . . . . . . . . Utility 3 | . . . 1 . . . 2 Weapon 1 | . . . 1 . . . . Parts Attached 49 | 7 6 2 15 1 6 3 9 Power 8 | 1 1 1 2 1 . 1 1 Engine 6 | 1 1 . 2 1 . . 1 Core 2 | . . 1 . . . 1 . Reactor . | . . . . . . . . Propulsion 14 | 3 4 . 4 . . . 3 Treads 10 | . 4 . 3 . . . 3 Leg 1 | 1 . . . . . . . Wheel 2 | 2 . . . . . . . Hover . | . . . . . . . . Flight 1 | . . . 1 . . . . Utility 13 | 1 1 . 4 . 4 . 3 Device 3 | . . . . . 2 . 1 Storage 2 | 1 . . . . 1 . . Processor 1 | . 1 . . . . . . Hackware 3 | . . . 1 . 1 . 1 Protection 4 | . . . 3 . . . 1 Artifact . | . . . . . . . . Weapon 14 | 2 . 1 5 . 2 2 2 Energy Gun 3 | . . . 2 . 1 . . Energy Cannon . | . . . . . . . . Ballistic Gun 7 | 2 . 1 3 . . 1 . Ballistic Cannon 2 | . . . . . . 1 1 Launcher . | . . . . . . . . Special Weapon . | . . . . . . . . Impact Weapon . | . . . . . . . . Slashing Weapon 2 | . . . . . 1 . 1 Piercing Weapon . | . . . . . . . . Special Melee Weapon . | . . . . . . . . Unidentified Prototypes 4 | . . . 1 . 3 . . Parts Lost 10 | . . . 1 . . 1 8 Power 1 | . . . . . . . 1 Propulsion 3 | . . . . . . . 3 Utility 4 | . . . 1 . . 1 2 Weapon 2 | . . . . . . . 2 Highest Loss Streak 5 | . . . 1 . . 1 5 To Critical Strikes . | . . . . . . . . Average Slot Usage (%) 97 | . 98 100 99 100 95 93 84 Engine 8 | . 14 7 7 11 11 4 5 Core 3 | . . 6 3 . . 6 2 Treads 22 | . 20 28 22 22 22 22 16 Storage 11 | . 14 14 11 11 11 11 9 Processor 3 | . 12 14 1 . . . . Hackware 10 | . . . 9 11 18 15 16 Protection 4 | . . . 11 11 1 . 1 Energy Gun 5 | . . . 8 11 9 . . Ballistic Gun 24 | . 28 28 23 22 22 26 14 Ballistic Cannon 1 | . . . . . . 6 11 Naked Turns . | . . . . . . . . Heaviest Build 43 | 12 12 14 28 28 28 30 43 Greatest Support 43 | 20 40 40 40 40 40 40 43 Greatest Overweight (x) 1 | . . . . . . . 1 Average Overweight (x) . | . . . . . . . . Largest Inventory Capacity 10 | 8 8 8 8 8 10 10 10 Average Capacity 8 | 7 8 8 8 8 8 10 10 Most Carried 10 | 8 8 8 8 8 9 10 10 Average Carried 7 | 4 6 7 6 8 7 9 6 Final Capacity 10 | 8 8 8 8 8 10 10 10 Final Carried 10 | 6 8 7 8 8 9 10 4 Class Distribution -------------------- 26% | Scavenger-Tank 24% | Mutant 15% | Scavenger-Skirmisher 12% | Tank 10% | Scavenger-Gunner 4% | Gunner 4% | Hacker-Skirmisher 3% | Scavenger-Mutant Dominant Class ---------------- Mutant | -10/Materials Mutant | -10/Mines Tank | -9/Materials Scavenger-Tank | -9/Mines Scavenger-Gunner | -9/Exiles Scavenger-Skirmisher | -8/Mines Hacker-Skirmisher | -8/Materials Resources | -11 -10 -10 -9 -9 -9 -8 -8 ----------- Run | Jun Mat Min Mat Min Exi Min Mat Matter Collected 1529 | 219 189 112 610 40 . 198 161 Remotely . | . . . . . . . . Salvage Created 1643 | . 241 150 890 92 . 152 118 Parts 99 | . 8 5 58 10 . 9 9 Haulers Intercepted . | . . . . . . . . Recyclers Shooed . | . . . . . . . . Parts Field Recycled . | . . . . . . . . Retrieved Matter . | . . . . . . . . Parts Self-Destructed . | . . . . . . . . Prevented . | . . . . . . . . Kills | -11 -10 -10 -9 -9 -9 -8 -8 ------- Run | Jun Mat Min Mat Min Exi Min Mat Combat Hostiles Destroyed 46 | . 5 3 24 4 . 7 3 Guns 45 | . 5 3 24 4 . 7 2 Cannons 1 | . . . . . . . 1 Classes Destroyed 7 | . 1 . 2 . . 2 2 Worker 1 | . . . . . . . 1 Swarmer 15 | . . . 8 2 . 5 . Grunt 21 | . 5 3 9 2 . . 2 Brawler 1 | . . . . . . 1 . Sentry 7 | . . . 7 . . . . Hunter 1 | . . . . . . 1 . Heavy 1 | . . . . . . . 1 Best Kill Streak 4 | . 3 2 4 2 . 3 4 Combat Bots Only 4 | . 3 2 4 2 . 3 3 Max Kills in Single Turn 2 | . 1 1 2 1 . 2 2 Gunslinging 1 | . . . 1 . . 1 . Exploded . | . . . . . . . . Melee . | . . . . . . . . Uniques/NPCs Destroyed . | . . . . . . . . Combat | -11 -10 -10 -9 -9 -9 -8 -8 -------- Run | Jun Mat Min Mat Min Exi Min Mat Damage Taken 2762 | . 395 158 755 40 . 240 1174 Core 324 | . 30 70 29 8 . 53 134 Absorbed by Shields . | . . . . . . . . Regen/Repaired (Parts) 65 | . . . 65 . . . . Core Remaining (%) 79 | 100 . 60 . . . 77 . Volleys Fired 108 | . 17 12 48 4 . 10 17 Largest 3 | . 2 2 3 3 . 3 3 Hottest 116 | . 40 40 102 102 . 102 116 Shots Fired 295 | . 34 24 144 12 . 30 51 Gun 269 | . 34 24 144 12 . 26 29 Cannon 26 | . . . . . . 4 22 Launcher . | . . . . . . . . Special . | . . . . . . . . Kinetic 252 | . 34 24 107 8 . 28 51 Thermal 43 | . . . 37 4 . 2 . Explosive . | . . . . . . . . Electromagnetic . | . . . . . . . . Robot Hit Streak 21 | . 17 5 21 8 . 11 4 Robot Miss Streak 7 | . 1 2 5 2 . 2 7 Penetration Max 1 | . . . . . . 1 1 Secondary Targets 7 | . 1 1 3 1 . 1 . Max Gunslinging Chain 1 | . 1 1 1 1 . 1 . Shots Hit Robots 203 | . 28 17 97 8 . 19 34 Core Hits 107 | . 13 10 40 6 . 13 25 Critical Kills . | . . . . . . . . Critical Parts Destroyed . | . . . . . . . . Critical Strikes 3 | . . . 2 . . . 1 Burn 2 | . . . 2 . . . . Sever 1 | . . . . . . . 1 Melee Attacks 5 | . . . . . . . 5 Impact . | . . . . . . . . Slashing 5 | . . . . . . . 5 Piercing . | . . . . . . . . Sneak Attacks . | . . . . . . . . Combat Hostiles . | . . . . . . . . Follow-up Attacks . | . . . . . . . . Damage Inflicted 3250 | . 351 223 1379 123 . 393 781 Guns 2696 | . 348 223 1375 116 . 317 317 Cannons 414 | . . . . . . 76 338 Explosions . | . . . . . . . . Melee 126 | . . . . . . . 126 Ramming 14 | . 3 . 4 7 . . . Kinetic 2679 | . 348 223 1000 74 . 379 655 Thermal 431 | . . . 375 42 . 14 . Explosive . | . . . . . . . . Electromagnetic . | . . . . . . . . Impact . | . . . . . . . . Slashing 126 | . . . . . . . 126 Piercing . | . . . . . . . . Highest Corruption 1 | . . . . . . 1 . Average Corruption 1 | . . . . . . 1 . Corruption Purged . | . . . . . . . . Corruption Blocked . | . . . . . . . . Effects 6 | . . . . . . 6 . Matter Fused 1 | . . . . . . 1 . Heat Flow Errors 2 | . . . . . . 2 . Energy Discharges 1 | . . . . . . 1 . Data Loss (minor) 1 | . . . . . . 1 . Data Loss (major) 1 | . . . . . . 1 . Overload Shots . | . . . . . . . . Overflow Damage . | . . . . . . . . Projectiles . | . . . . . . . . Explosions . | . . . . . . . . Melee . | . . . . . . . . Knockbacks 8 | . . . . . . . 8 Impact . | . . . . . . . . Kinetic 8 | . . . . . . . 8 Secondary . | . . . . . . . . Self-Inflicted Damage . | . . . . . . . . Shots . | . . . . . . . . Rammed 4 | . 1 1 1 1 . . . Targets Rammed 4 | . 1 1 1 1 . . . Kicked . | . . . . . . . . Crushed . | . . . . . . . . Highest Temperature 375 | . 23 20 375 45 . 156 233 Average Temperature 69 | . 10 5 79 25 . 34 98 Received Heat Transfer 1032 | . 204 114 255 . . 81 378 Effects 3 | . . . . . . . 3 Energy Bleed 1 | . . . . . . . 1 Interference 2 | . . . . . . . 2 Siege Activations . | . . . . . . . . Robots Corrupted . | . . . . . . . . Combat Hostiles . | . . . . . . . . Parts Fried . | . . . . . . . . Impact Corruptions . | . . . . . . . . Robots Melted . | . . . . . . . . Combat Hostiles . | . . . . . . . . Parts Melted . | . . . . . . . . Heat Transferred 1369 | . . . 1221 111 . 37 . Parts Sabotaged . | . . . . . . . . Parts Stolen . | . . . . . . . . Parts Stripped . | . . . . . . . . Power Chain Reactions . | . . . . . . . . Missiles Intercepted . | . . . . . . . . Alert | -11 -10 -10 -9 -9 -9 -8 -8 ------- Run | Jun Mat Min Mat Min Exi Min Mat Peak Influence 501 | . 245 136 501 324 . 197 91 Initial 162 | . . 17 . 162 . . . Average 142 | . 144 57 258 149 . 71 45 Maximum Alert Level 2 | . 1 . 2 1 . . . Low Security (%) 73 | 100 54 100 41 70 . 100 100 Level 1 19 | . 45 . 33 29 . . . Level 2 7 | . . . 24 . . . . Level 3 . | . . . . . . . . Level 4 . | . . . . . . . . Level 5 . | . . . . . . . . High Security . | . . . . . . . . Max Security . | . . . . . . . . Squads Dispatched 2 | . 1 . . . . . 1 Investigation . | . . . . . . . . Extermination . | . . . . . . . . Reinforcement 2 | . 1 . . . . . 1 Assault . | . . . . . . . . Garrison . | . . . . . . . . Intercept . | . . . . . . . . Searches Triggered . | . . . . . . . . Construction Impeded . | . . . . . . . . Haulers Reinforced . | . . . . . . . . Active Scanning Responses . | . . . . . . . . Cargo Convoy Interrupts . | . . . . . . . . Stealth | -11 -10 -10 -9 -9 -9 -8 -8 --------- Run | Jun Mat Min Mat Min Exi Min Mat Distress Signals 4 | . 1 . 2 . . . 1 Communications Jammed . | . . . . . . . . Distress Signals . | . . . . . . . . Times Spotted 93 | . 16 10 43 6 . 10 8 Peak Tracking Total 6 | . 6 3 5 3 . 3 4 Tactical Retreats 5 | . 2 1 2 . . . . Traps | -11 -10 -10 -9 -9 -9 -8 -8 ------- Run | Jun Mat Min Mat Min Exi Min Mat Traps Triggered 2 | . 1 . 1 . . . . Indirectly . | . . . . . . . . Trap Hack Attempts . | . . . . . . . . Triggered . | . . . . . . . . Disarmed . | . . . . . . . . Reprogrammed . | . . . . . . . . Reused . | . . . . . . . . Traps Extracted . | . . . . . . . . Installed . | . . . . . . . . Triggered . | . . . . . . . . Machines | -11 -10 -10 -9 -9 -9 -8 -8 ---------- Run | Jun Mat Min Mat Min Exi Min Mat Machines Disabled . | . . . . . . . . Max in Single Turn . | . . . . . . . . Machines Repaired . | . . . . . . . . Machines Sabotaged . | . . . . . . . . Overloaded Fab Kills . | . . . . . . . . Hacking | -11 -10 -10 -9 -9 -9 -8 -8 --------- Run | Jun Mat Min Mat Min Exi Min Mat Machines Accessed 20 | . 2 . 11 . 4 1 2 Terminals 13 | . 1 . 9 . . 1 2 Fabricators . | . . . . . . . . Repair Stations 1 | . . . 1 . . . . Recycling Units 2 | . 1 . 1 . . . . Scanalyzers . | . . . . . . . . Garrison Access . | . . . . . . . . Total Hacks 69 | . 5 . 29 . 26 3 6 Successful 56 | . 4 . 19 . 26 2 5 Failed 13 | . 1 . 10 . . 1 1 Catastrophic 1 | . . . 1 . . . . Database Lockouts . | . . . . . . . . Manual 5 | . . . 4 . 1 . . Terminals 38 | . 4 . 25 . . 3 6 Fabricators . | . . . . . . . . Repair Stations 2 | . . . 2 . . . . Recycling Units 3 | . 1 . 2 . . . . Scanalyzers . | . . . . . . . . Garrison Access . | . . . . . . . . Terminal Hacks 52 | . 3 . 16 . 26 2 5 Record 32 | . 1 . 4 . 26 1 . Prototype ID Bank 2 | . 1 . 1 . . . . Branch Access Points 3 | . 1 . 2 . . . . Emergency Access Points 1 | . . . 1 . . . . Recycling Unit Index 1 | . . . 1 . . . . Alert Level 1 | . . . . . . . 1 Locate Traps 2 | . . . 2 . . . . Dispatch Records 1 | . . . . . . 1 . Transport Status 1 | . . . . . . . 1 Hauler Manifests 1 | . . . 1 . . . . Registered Components 1 | . . . . . . . 1 Zone Layout 6 | . . . 4 . . . 2 Fabricator Hacks . | . . . . . . . . Repair Station Hacks 2 | . . . 2 . . . . Scan Component 1 | . . . 1 . . . . Repair 1 | . . . 1 . . . . Recycling Unit Hacks 2 | . 1 . 1 . . . . Report Inventory 1 | . 1 . . . . . . Retrieve Components 1 | . . . 1 . . . . Scanalyzer . | . . . . . . . . Garrison Access Hacks . | . . . . . . . . Unauthorized Hacks . | . . . . . . . . Terminals . | . . . . . . . . Fabricators . | . . . . . . . . Repair Stations . | . . . . . . . . Recycling Units . | . . . . . . . . Scanalyzers . | . . . . . . . . Garrison Access . | . . . . . . . . Data Cores Recovered . | . . . . . . . . Used . | . . . . . . . . Hacking Detections 11 | . 1 . 7 . . 1 2 Full Trace Events . | . . . . . . . . Feedback Events . | . . . . . . . . Feedback Blocked . | . . . . . . . . Robot Schematics Acquired . | . . . . . . . . Robots Built . | . . . . . . . . Authchips . | . . . . . . . . Time . | . . . . . . . . Total Robot Build Rating . | . . . . . . . . Part Schematics Acquired . | . . . . . . . . Parts Built . | . . . . . . . . Authchips . | . . . . . . . . Time . | . . . . . . . . Total Part Build Rating . | . . . . . . . . Parts Repaired 1 | . . . 1 . . . . Time 26 | . . . 26 . . . . Parts Recycled . | . . . . . . . . Recycled Matter . | . . . . . . . . Retrieved Matter . | . . . . . . . . Retrieved Components 9 | . . . 9 . . . . Parts Scanalyzed . | . . . . . . . . Part Schematics Acquired . | . . . . . . . . Parts Damaged . | . . . . . . . . Bothacking | -11 -10 -10 -9 -9 -9 -8 -8 ------------ Run | Jun Mat Min Mat Min Exi Min Mat Used RIF Installer . | . . . . . . . . Robots Hacked . | . . . . . . . . Non-combat . | . . . . . . . . Combat . | . . . . . . . . Robot Hacks Applied . | . . . . . . . . Relay Couplers Released . | . . . . . . . . Fabnet Peak Effective % . | . . . . . . . . Robots Rewired . | . . . . . . . . Allies Hacked . | . . . . . . . . Hacks Repelled . | . . . . . . . . Allies | -11 -10 -10 -9 -9 -9 -8 -8 -------- Run | Jun Mat Min Mat Min Exi Min Mat Total Allies 6 | . . 1 . 5 . . . Largest Group 5 | . . 1 1 5 4 3 2 Highest-Rated Group 91 | . . 31 31 91 71 40 24 Highest-Rated Ally 31 | . . 31 31 31 31 16 16 Total Orders 2 | . . . . . 2 . . STAY 1 | . . . . . 1 . . FOLLOW 1 | . . . . . 1 . . Ally Attacks 65 | . . 13 14 8 . 25 5 Total Damage 781 | . . 189 211 116 . 242 23 Kills 10 | . . 3 2 2 . 3 . Allies Corrupted . | . . . . . . . . Allies Melted . | . . . . . . . . Intel | -11 -10 -10 -9 -9 -9 -8 -8 ------- Run | Jun Mat Min Mat Min Exi Min Mat Robot Analysis Total . | . . . . . . . . Derelict Logs Recovered 4 | . . 2 . 2 . . . Drone Launches . | . . . . . . . . Drone Recoveries . | . . . . . . . . Exploration | -11 -10 -10 -9 -9 -9 -8 -8 ------------- Run | Jun Mat Min Mat Min Exi Min Mat Turns Passed 6549 | 75 432 1091 1653 950 1091 981 276 Spaces Moved 3651 | 63 280 621 824 542 665 549 107 Core 16 | 16 . . . . . . . Treads 3458 | . 150 621 824 542 665 549 107 Legs . | . . . . . . . . Wheels 177 | 47 130 . . . . . . Hover . | . . . . . . . . Flight . | . . . . . . . . Fastest Speed 50 | 50 80 160 160 160 160 160 160 Average Speed 156 | 72 122 160 160 160 160 160 177 Slowest Speed 240 | 80 160 160 160 160 160 160 240 Overloaded Moves . | . . . . . . . . Propulsion Burnouts . | . . . . . . . . Robots Hopped . | . . . . . . . . Cave-ins Triggered . | . . . . . . . . Exploration Rate (%) 66 | 3 65 90 74 98 92 95 11 Regions Visited 7 Branch Regions 4 Pre-discovered Areas 4 | . . 2 . 1 1 . . Known Exits Taken 2 | . 1 . 1 . . . . Unknown Exits Taken 5 | 1 . 1 . 1 1 1 . Scrap Searched 6 | . . 1 . 3 . 2 . Spaces Dug . | . . . . . . . . Terrain Destroyed . | . . . . . . . . Melee . | . . . . . . . . Projectile . | . . . . . . . . AOE . | . . . . . . . . Terrain Rammed . | . . . . . . . . Walls Destroyed . | . . . . . . . . Machines Disabled . | . . . . . . . . Actions | -11 -10 -10 -9 -9 -9 -8 -8 --------- Run | Jun Mat Min Mat Min Exi Min Mat Total 4268 | 91 335 696 1054 615 699 629 149 Wait 342 | 10 19 50 136 66 . 61 . Move 3644 | 62 279 620 823 541 664 548 107 Hop . | . . . . . . . . Pick Up 68 | 12 8 5 18 1 14 4 6 Fast Attach . | . . . . . . . . Attach 32 | 6 3 1 10 . 4 . 8 Detach 2 | . . . . . 2 . . Swap 17 | 1 3 1 5 1 2 3 1 Drop 46 | . 5 6 13 1 13 3 5 Fire 108 | . 17 12 48 4 . 10 17 Melee 5 | . . . . . . . 5 Ram . | . . . . . . . . Kick . | . . . . . . . . Crush 4 | . 1 1 1 1 . . . Escape Stasis . | . . . . . . . . Rewire . | . . . . . . . . Trap . | . . . . . . . . Miscellaneous . | . . . . . . . . Route ------- -11/Junkyard -10/Materials (discovered 3 exits: *Mat x2 / *Min) -10/Mines (discovered 2 exits: *Mat x2) -9/Materials (discovered 3 exits: *Mat / *Min x2) -9/Mines (discovered 3 exits: *Mat x2 / *Exi) -9/Exiles -8/Mines (discovered 2 exits: *Mat x2) -8/Materials History --------- Turn | Location | Event 7 | -11/Junkyard | Discovered new exit (range 15) 76 | -11/Junkyard | Entered Materials 82 | -10/Materials | Identified exit to Mines 167 | -10/Materials | Discovered new exit (range 16) 310 | -10/Materials | Build established: Mutant 404 | -10/Materials | Discovered new exit (range 13) 508 | -10/Materials | Entered Mines 520 | -10/Mines | Escorted by a lone wolf Derelict 540 | -10/Mines | Learned location of Storage (-7) 571 | -10/Mines | Met a Derelict bent on vengeance 586 | -10/Mines | Discovered new exit (range 10) 958 | -10/Mines | Learned Materials terminal intel 1255 | -10/Mines | Discovered new exit (range 16) 1282 | -10/Mines | Joined a pair of Derelicts in attacking an 0b10 outpost 1599 | -10/Mines | Entered Materials 1599 | -9/Materials | Accompanied by 1 ally 1599 | -9/Materials | Evolved 2 slots: Utility x1, Weapon x1 1600 | -9/Materials | Loaded intel: 12 terminal locations 1888 | -9/Materials | Repaired Assault Rifle 2196 | -9/Materials | Build established: Tank 2942 | -9/Materials | Discovered new exit (range 5) 2992 | -9/Materials | Build established: Scavenger-Tank 2996 | -9/Materials | Identified exit to Mines 3252 | -9/Materials | Entered Mines 3278 | -9/Mines | Assisted by bots powering up and referring to "LRC-V3" 3361 | -9/Mines | Discovered new exit (range 10) 3561 | -9/Mines | Deemed a non-threat by the Exiles lab entrance 3561 | -9/Mines | Discovered new exit (range 5) 3592 | -9/Mines | Discovered new exit (range 5) 4202 | -9/Mines | Entered Exiles 4202 | -9/Exiles | Accompanied by 4 allies 4232 | -9/Exiles | Led the pair of lost Derelicts to a safe place 4241 | -9/Exiles | Met 8R-AWN 4270 | -9/Exiles | Met EX-HEX 4314 | -9/Exiles | Met EX-BIN 4337 | -9/Exiles | Aligned with FarCom system 4338 | -9/Exiles | Given EX-Vault access code 4382 | -9/Exiles | Opened EX-Vault 4398 | -9/Exiles | Found Prototype Device 4400 | -9/Exiles | Identified Cloak of Protection 4407 | -9/Exiles | Found Prototype Device 4408 | -9/Exiles | Identified PSU Rigger 4412 | -9/Exiles | Found Prototype Slashing Weapon 4413 | -9/Exiles | Identified Longsword +1 4518 | -9/Exiles | Warned to stay clear of 0b10 Research branches 4677 | -9/Exiles | Met EX-DEC 4687 | -9/Exiles | Learned location of Zion (-7) 4900 | -9/Exiles | Build established: Scavenger-Gunner 4972 | -9/Exiles | Visited The Gauntlet 5266 | -9/Exiles | Discovered new exit (range 15) 5293 | -9/Exiles | Left Exiles lab with Cloak of Protection 5293 | -9/Exiles | Entered Mines 5293 | -8/Mines | Accompanied by 3 allies 5331 | -8/Mines | Discovered new exit (range 9) 5594 | -8/Mines | Build established: Scavenger-Skirmisher 5828 | -8/Mines | Discovered new exit (range 13) 6274 | -8/Mines | Entered Materials 6274 | -8/Materials | Accompanied by 2 allies 6274 | -8/Materials | Evolved 2 slots: Utility x2 6421 | -8/Materials | Lost 3 parts (1p1n1u) 6550 | -8/Materials | Self-destructed Last Messages --------------- 06522_ G-47 Trooper knocked back. 06525_ Slug penetrates G-47 Trooper. 06525_ G-47 Trooper knocked back. 06527_ Slug penetrates Wall. 06528_ Slug penetrates G-50 Soldier. 06528_ G-50 Soldier knocked back. 06530_ Overheating: Energy bleed (-63). 06530_ Slug penetrates Wall. 06530_ Flak Cannon destroyed. 06533_ Overheating: System interference. 06533_ Flak Cannon temporarily disabled. 06533_ Gauss Rifle temporarily disabled. 06539_ Gauss Rifle destroyed. 06539_ Penetrated by Slug. 06539_ Lgt. Treads destroyed. 06539_ Cloak of Protection destroyed. 06541_ G-47 Trooper destroyed. 06542_ H-55 Commando Carbon-fiber Leg severed. 06550_ Penetrated by Slug. 06550_ Lgt. Treads destroyed. Map ----- +----------------------------------------------------+ | ?????????????????????????????????????????????????? | | ?????????????????????????????????????????????????? | | ?????????????????????????????????????????????????? | | ?????????????????????????????????????????????????? | | ?????????????????????????????????????????????????? | | ?????????????????????????????????????????????????? | | ?????????????????????????????????????????????????? | | ????????? ## "R" ######""" ## ##???????????? | | "" ?? ## " " #????#""" ## ####?????????? | | ?? ## #????# ## ## T?????????? | | ?? ## #????###########+## ?????????? | | ?? ## #???????# # ?????????? | | ##+######+######+########### ! # ?????????? | | # # ?????????? | | / """ """ # ?????????? | | # """ """ # ?????????? | | #########+####### ######## """ """ # ?????????? | | # """ #?# #??????# ###?????????? | | # "T" #?# #??????# ## ?????????? | | # #?# #############+##### ?????????? | | # #?# ## ###### #???# ?????????? | | # #?# ## #???# ?????????? | | # ### ## Tgg #???# ?????????? | | ################ %h #???# ?????????? | | ! [ # =[#####/###### ?????????? | | % = ## @## T ## ?????????? | | % % ##u ## """ #Y ?????????? | | ## ############# ## ## """ ###?????????? | | [# #??????###### ### ## """ #???????????? | | # #?????????# #?# ## #???????????? | | # #?????????#! !#?# ######+#######?????????? | | # #??#??######!!!!##?# ?????????? | | # #??#?? ########?# ?????????? | | # #??#?? #????????# ?????????? | | ## #??#?? #????????# " """"" ??????!??? | | ?# ####?? #????????# """"""""" ?????????? | | ## +?? #????????# """ """ ?????????? | | # #?? #????????# ?????????? | | # #???????????????# ??????????????????????? | | ?? ???????????????????a ??????????????????????? | | ?? ??????????????????? ??????????????????????? | | ?? ???????????????????? g?????????????????????? | | ??#??????????????????????????????????????????????? | | ?????????????????????????????????????????????????? | | ?????????????????????????????????????????????????? | | ?????????????????????????????????????????????????? | | ?????????????????????????????????????????????????? | | ?????????????????????????????????????????????????? | | ?????????????????????????????????????????????????? | | ?????????????????????????????????????????????????? | +----------------------------------------------------+ Best States ------------- Heat Dissipation 31 Energy Generation 14 Energy Capacity 265 Matter Stores 300 Matter Capacity 300 Sight Range 16 Terrain Scan Density 10 Cloak Strength 5 Armor Coverage 225 Evasion (%) 50 Targeting Accuracy 5 Recoil Reduction 2 Offensive Hacking 20 Item Schematics ----------------- None Robot Schematics ------------------ None Fabricated ------------ Nothing Alien Tech Used ----------------- None Achievements -------------- None Challenges ------------ None Game ------ Seed NodeNodeChip Manual? 0 Play Time 00:48:38 Cumulative 73.5 hours Start 2023.03.04 @ 00:43:37 End 2023.03.04 @ 01:27:38 Sessions 1 Manual Loads 0 Difficulty Rogue Special Mode None Game No. 91 Rogue 91 Adventurer 0 Explorer 0 Win Type - Total 0 Types 0/0/0/0/0/0/0/0/0 Lore% 44 Gallery% 46 Achievement% 38 Wizard Run 0 Options --------- ASCII 0 Keyboard 0 Movement Numpad Keybinds 0 Fullscreen 1 Font 18/SmallcapsGlow Map View 76x50 Tactical HUD 1 Map Filters NONE Filters NONE Steam 1 RUN: 986554a6-1ed4-41c8-80fa-ee16525ee37d